 Dungeon Sprint DCSS version 0.28.0-53-g5a82cb258f (webtiles) character file.

Game seed: 6196524137730463584

426 Arandomuser85 the Unseen (level 6, -3/66 HPs)
             Began as an Octopode Brigand on May 24, 2022.
             Slain by a slime creature (6 damage)
             ... in the Dungeon (Sprint I: "Red Sonja").
             The game lasted 00:01:12 (303 turns).

Arandomuser85 the Unseen (Octopode Brigand)          Turns: 303, Time: 00:01:12

Health: -3/66      AC: 23    Str: 11    XL:     6   Next: 97%
Magic:  6/6        EV:  2    Int: 13    God:
Gold:   229        SH:  0    Dex: 15    Spells: 5/5 levels left

rFire   . . .      SeeInvis .   a - +2 dagger (freeze)
rCold   . . .      Faith    .   (no shield)
rNeg    . . .      Spirit   .   (helmet currently unavailable)
rPois   +          Reflect  .   (no amulet)
rElec   .          Harm     .   (no ring)
rCorr   .          Rampage  .   (no ring)
Will    .....      NoTele   +   (no ring)
Stlth   ++++++....              (no ring)
HPRegen 0.21/turn               (no ring)
MPRegen 0.10/turn               (no ring)
                                (no ring)
                                (no ring)

@: tree-form
A: stationary, stasis, torment immunity, boosted hp, almost no armour,
(amphibious), 8 rings, (camouflage 1), (gelatinous body 1), (nimble swimmer 1),
(tentacles)
a: no special abilities


You were in the Dungeon.
You were a tree.
You visited 1 branch You collected 297 gold pieces.
You spent 68 gold pieces at shops.

Inventory:

Hand Weapons
 a - a +2 dagger of freezing (weapon)
Missiles
 b - 8 poisoned darts (quivered)
 c - 2 curare-tipped darts
Wands
 h - a wand of mindburst (7)
Potions
 d - a potion of curing
 f - a potion of haste
 g - 2 potions of magic
 l - a potion of lignification


   Skills:
 + Level 4.6 Fighting
 + Level 5.3 Short Blades
 + Level 4.4 Throwing
 * Level 5.8 Dodging
 + Level 15.5 Stealth
 + Level 0.3 Evocations


You had 5 spell levels left.
You didn't know any spells.
Your spell library was empty.

Dungeon Overview and Level Annotations

Branches:
Dungeon (1/1)

Altars:
Cheibriados
Dithmenos
Elyvilon
Fedhas
Gozag
Hepliaklqana
Kikubaaqudgha
Makhleb
Nemelex Xobeh
Okawaru
Qazlal
Ru
Sif Muna
Trog
Uskayaw
Vehumet
Wu Jian
Xom
Yredelemnul
Zin
The Shining One
Jiyva
Lugonu

Shops:
D *


Innate Abilities, Weirdness & Mutations

You are a tree.
Your roots penetrate the ground, keeping you stationary.
You cannot be teleported.
You are immune to unholy pain and torment.
Your maximum health is greatly increased.
You cannot wear most types of armour.
((You are amphibious.))
You can wear up to eight rings at the same time.
((Your skin changes colour to match your surroundings (Stealth+).))
((Your rubbery body absorbs attacks. (AC +1, EV +1)))
((You are camouflaged when in or above water. (Stealth+)))
((You have tentacles for arms and can constrict up to eight enemies at once.))


Message History

There is a shimmering blue altar of Sif Muna here.
There is an open door here.
You open the door.
A slime creature comes into view.
The slime creature quivers.
Found four altars.
There is an open door here.
You barely miss the slime creature. You squeeze the slime creature!
The slime creature is lightly wounded.
The slime creature hits you!!
You hit the slime creature. You freeze the slime creature.
Your squeeze misses the slime creature.
The slime creature is lightly wounded.
The slime creature barely misses you.
You hit the slime creature. You freeze the slime creature.
You squeeze the slime creature.
The slime creature is moderately wounded.
The slime creature hits you!!
* * * LOW HITPOINT WARNING * * *
You hit the slime creature but do no damage.
The slime creature is moderately wounded.
You feel much better. The slime creature hits you!
* * * LOW HITPOINT WARNING * * *
Unknown command.
Really quaff the potion of lignification?
You turn into a tree.
Your roots penetrate the ground.
The slime creature hits you.
* * * LOW HITPOINT WARNING * * *
You hit the slime creature. You freeze the slime creature.
The slime creature is moderately wounded.
The slime creature hits you but does no damage.
You hit the slime creature. You freeze the slime creature.
The slime creature is moderately wounded.
The slime creature hits you but does no damage.
You hit the slime creature. You freeze the slime creature.
The slime creature is moderately wounded.
You barely miss the slime creature.
The slime creature is moderately wounded.
The slime creature hits you.
You die...

###################
#<.#..'..#.)+..#__#
#..').#..'..#..♣J.+
#.)#####'#####'#__#
#..####..#...#.####
#..#__####..##.#
#..#_§§§§##+#_.+
#⌠⌠#_§§§§.'..._#
####§§§§§##_.#'#
#§§§§§###+#)#
####### ###


You could see a slime creature.

Vanquished Creatures
  A yak (D)
  Sigmund (D)
  An ogre (D)
  A jelly (D)
  Ijyb (D)
5 creatures vanquished.

Notes
Turn   | Place    | Note
-------+----------+-------------------------------------------
     0 | D        | Arandomuser85 the Octopode Brigand began the quest for the
                  | Orb.
     0 | D        | Reached XP level 1. HP: 14/14 MP: 1/1
     2 | D        | Noticed Ijyb
     7 | D        | Killed Ijyb
     8 | D        | Reached skill level 8 in Stealth
     8 | D        | Reached XP level 2. HP: 14/20 MP: 2/2
     8 | D        | Reached XP level 3. HP: 18/25 MP: 3/3
   159 | D        | Noticed an ogre
   165 | D        | Killed an ogre
   166 | D        | Reached skill level 11 in Stealth
   166 | D        | Reached XP level 4. HP: 31/31 MP: 4/4
   205 | D        | Noticed Sigmund
   211 | D        | Killed Sigmund
   212 | D        | Reached skill level 13 in Stealth
   212 | D        | Reached XP level 5. HP: 37/37 MP: 5/5
   212 | D        | Reached XP level 6. HP: 43/43 MP: 6/6
   226 | D        | Found an ornate altar of the Wu Jian Council.
   226 | D        | Found a shimmering blue altar of Sif Muna.
   228 | D        | Found a radiant altar of Vehumet.
   241 | D        | Reached skill level 5 in Dodging
   241 | D        | Reached skill level 14 in Stealth
   268 | D        | Found Noepp's Assorted Antiques.
   268 | D        | Found an ancient bone altar of Kikubaaqudgha.
   268 | D        | Found a hazy altar of Hepliaklqana.
   268 | D        | Found a stormy altar of Qazlal.
   268 | D        | Found a hide-covered altar of Uskayaw.
   268 | D        | Found a blossoming altar of Fedhas.
   268 | D        | Found a bloodstained altar of Trog.
   268 | D        | Found an iron altar of Okawaru.
   268 | D        | Found a basalt altar of Yredelemnul.
   268 | D        | Found a glowing golden altar of the Shining One.
   268 | D        | Found a snail-covered altar of Cheibriados.
   268 | D        | Found a sacrificial altar of Ru.
   268 | D        | Found a glowing silver altar of Zin.
   268 | D        | Found a shadowy altar of Dithmenos.
   268 | D        | Found a white marble altar of Elyvilon.
   268 | D        | Noticed a yak
   269 | D        | Found an opulent altar of Gozag.
   270 | D        | Killed a yak
   271 | D        | Reached skill level 5 in Short Blades
   271 | D        | Reached skill level 15 in Stealth
   271 | D        | Found a sparkling altar of Nemelex Xobeh.
   275 | D        | Bought a scroll labelled OLEYFU GEZUR for 18 gold pieces
   275 | D        | Bought 2 green potions for 32 gold pieces
   275 | D        | Bought a scroll labelled NEXTAHA JIPP for 18 gold pieces
   292 | D        | Found a burning altar of Makhleb.
   292 | D        | Found a viscous altar of Jiyva.
   292 | D        | Found a shimmering altar of Xom.
   292 | D        | Found a corrupted altar of Lugonu.
   292 | D        | Noticed a slime creature
   299 | D        | HP: 2/66 [slime creature (5)]
   303 | D        | Slain by a slime creature

Illustrated notes

Levels and vault maps discovered:
D:        dungeon_sprint_1 [red_sonja_temple_1, red_sonja_temple_small_1]

Skill      XL: |  1  2  3  4  5  6 |
---------------+-------------------+-----
Stealth        | 8 11 13 15 | 15.5
Fighting       | 3 4 |  4.6
Short Blades   | 3 4 5 |  5.3
Throwing       | 3 4 |  4.4
Dodging        | 3 4 5 |  5.8
Evocations     | |  0.3

Action                   |  1- 3 |  4- 6 || total
-------------------------+-------+-------++-------
Melee: Dagger            |     4 |    14 ||    18
       Tentacles         |     2 |     5 ||     7
       Constrict         |     1 |     1 ||     2
Throw: Dart              |     1 |       ||     1
Evoke: Wand              |     1 |       ||     1
  Use: Potion            |     1 |     2 ||     3
       Scroll            |     1 |     4 ||     5
 Stab: Sleeping          |       |     2 ||     2
Armor: Skin              |       |     2 ||     2
Dodge: Dodged            |     2 |     3 ||     5
